 Dungeon Crawl Stone Soup version 0.29.0-4-gdea44cf6ec (webtiles) character file.

Game seed: 8281895572698545501

168 qw the Chopper (level 5, 0/30 HPs)
             Began as a Tengu Warper on Aug 28, 2022.
             Constricted to death by Blork the orc (3 damage)
             ... on level 4 of the Dungeon.
             The game lasted 00:00:21 (3558 turns).

qw the Chopper (Tengu Warper)                       Turns: 3558, Time: 00:00:21

Health: 0/30       AC:  8    Str: 14    XL:     5   Next: 48%
Magic:  9/9        EV:  4    Int: 13    God:
Gold:   234        SH:  0    Dex: 13    Spells: 8/8 levels left

rFire   . . .      SeeInvis .   Y - +0 hand axe
rCold   + . .      Faith    .   (no shield)
rNeg    . . .      Spirit   .   d - +0 chain mail
rPois   .          Reflect  .   (helmet restricted)
rElec   .          Harm     .   (no cloak)
rCorr   .          Rampage  .   (no gloves)
Will    .....                   (boots unavailable)
Stlth   ..........              (no amulet)
HPRegen 0.10/turn               c - ring of protection from cold
MPRegen 0.11/turn               (no ring)

@: grasped by roots, flying quickly and evasively, constricted, quick
A: beak, talons 3, nimble flight
a: no special abilities


You were on level 4 of the Dungeon.
You visited 1 branch of the dungeon, and saw 4 of its levels.

You collected 234 gold pieces.


Innate Abilities, Weirdness & Mutations

You have a beak for a mouth.
You have claws for feet.
Your magical nature lets you fly swiftly and evasively.


   Skills:
 - Level 2.0 Fighting
 - Level 6.0 Axes
 - Level 1.0 Throwing
 + Level 1.4 Armour
 - Level 2.1 Dodging
 - Level 2.0 Spellcasting
 - Level 2.4 Translocations


You had 8 spell levels left.
You didn't know any spells.
Your spell library contained the following spells:

 Spells                   Type           Power      Damage    Failure   Level
 Blink                    Tloc           14%        N/A       99%         2
 Gell's Gravitas          Tloc           7%         N/A       100%        3
 Lesser Beckoning         Tloc           7%         N/A       100%        3
 Teleport Other           Tloc           7%         N/A       100%        3
 Manifold Assault         Tloc           7%         N/A       100%        5

Inventory:

Hand Weapons
 g - a +4 whip
 Y - a +0 hand axe (weapon)
Armour
 d - a +0 chain mail (worn)
Jewellery
 c - a ring of protection from cold (left hand)
Scrolls
 a - a scroll of identify
Potions
 b - a potion of might
 f - 2 potions of haste
 j - a potion of flight {unknown}

Dungeon Overview and Level Annotations

Branches:
Dungeon (4/15)
 Temple: D:4-7

Altars:
Dithmenos

Annotations:
D:4 Blork the orc


Message History

Blork the orc seems to speed up.
The gnoll hits you with a +0 whip.
3553 ||| DRINKING potion of heal wounds.
You feel much better.
Blork the orc gestures at you while chanting.
The magic dart hits you. The gnoll hits you but does no damage.
You closely miss Blork the orc. You peck Blork the orc.
Blork the orc is lightly wounded.
You hit the gnoll.
Blork the orc gestures at you while chanting.
The puff of flame hits you but does no damage.
The gnoll hits you with a +0 whip!
You hit the gnoll but do no damage. You claw the gnoll!
The gnoll is severely wounded.
You closely miss Blork the orc.
Blork the orc zaps a wand.
The roots erupt in riotous growth!
The grasping roots grab you!
The gnoll is unaffected.
Blork the orc is unaffected.
The grasping roots constrict you. The gnoll hits you with a +0 whip.
Blork the orc looks encouraged for a moment.
The grasping roots constrict you.
You barely miss the gnoll. Your peck misses the gnoll.
The gnoll is severely wounded.
You completely miss Blork the orc. The gnoll hits you but does no damage.
Blork the orc hits you with a +0 long sword of electrocution.
The grasping roots constrict you.
You barely miss the gnoll. You peck the gnoll.
The gnoll is almost dead.
You hit Blork the orc.
Blork the orc screams, "I'll break your legs!"
Blork the orc hits you but does no damage.
The grasping roots constrict you. The gnoll hits you with a +0 whip.
Blork the orc hits you but does no damage.
The grasping roots constrict you.
You hit the gnoll.
You kill the gnoll!
You hit Blork the orc but do no damage. Blork the orc casts a spell at you.
The puff of frost hits you. You resist. The grasping roots constrict you.
You die...

#.#......#
####(##.....#........
####..).##..............
.#...<.###....[.........
........##..............
.........#..............
.........#..............
.........#.....)%)......
................@o......
.........#..............
........................
.......###........#.....
.....### #.....#########
/....# #.....# .....#
#.....# ###### #######


You could see Blork the orc (fast).

Vanquished Creatures
  6 gnolls (D:4)
  4 adders
  An ufetubus (D:4)
  A worm (D:4)
  3 dart slugs
  8 ball pythons
  2 bats
  7 endoplasms
  2 giant cockroaches
  7 hobgoblins
  6 jackals
  A quokka (D:1)
  5 frilled lizards
  6 goblins
  9 kobolds
  3 rats
71 creatures vanquished.

Vanquished Creatures (others)
  3 fungi (D:2)
  11 plants (D:2)
14 creatures vanquished.

Grand Total: 85 creatures vanquished

Notes
Turn   | Place    | Note
-------+----------+-------------------------------------------
     0 | D:1      | qw the Tengu Warper began the quest for the Orb.
     0 | D:1      | Reached XP level 1. HP: 12/12 MP: 4/4
     0 | D:1      | 0 ||| qw: Version: 0.1-a-89-g26bdef1
     0 | D:1      | 0 ||| qw: Game counter: 2183
     0 | D:1      | 0 ||| qw: Always use a shield: true
     0 | D:1      | 0 ||| qw: God list: Okawaru
     0 | D:1      | 0 ||| qw: Allow faded altars: false
     0 | D:1      | 0 ||| qw: Do Orc after D:15 true
     0 | D:1      | 0 ||| qw: Do second Lair branch before Depths: true
     0 | D:1      | 0 ||| qw: Lair rune preference: random
     0 | D:1      | 0 ||| qw: Plans: Normal
     0 | D:1      | 0 ||| PLANNING D:1-11
   150 | D:1      | 150 ||| Stepping ~*~*~tactically~*~*~ (stealth).
   160 | D:1      | Reached XP level 2. HP: 17/17 MP: 6/6
   168 | D:1      | Reached skill level 3 in Axes
   530 | D:1      | 530 ||| Stepping ~*~*~tactically~*~*~ (stealth).
   699 | D:1      | 699 ||| DROPPING +0 club.
   858 | D:1      | 858 ||| Stepping ~*~*~tactically~*~*~ (stealth).
   859 | D:1      | 859 ||| Stepping ~*~*~tactically~*~*~ (stealth).
   864 | D:1      | 864 ||| Stepping ~*~*~tactically~*~*~ (stealth).
   872 | D:1      | 872 ||| Stepping ~*~*~tactically~*~*~ (stealth).
   875 | D:1      | 875 ||| Stepping ~*~*~tactically~*~*~ (stealth).
   880 | D:1      | Reached XP level 3. HP: 21/21 MP: 7/7
  1050 | D:1      | 1050 ||| UPGRADING to +0 chain mail.
  1060 | D:1      | 1060 ||| DROPPING +0 leather armour.
  1061 | D:1      | 1061 ||| READING 2 scrolls labelled LOJEELESERPH.
  1062 | D:1      | 1062 ||| READING scroll labelled OLUFFI QIKARA.
  1066 | D:1      | 1066 ||| READING scroll labelled ESOACEPRUC.
  1067 | D:1      | 1067 ||| DRINKING 2 inky potions.
  1068 | D:1      | 1068 ||| DROPPING scroll of blinking.
  1083 | D:2      | 1083 ||| STAIRDANCE
  1088 | D:2      | 1088 ||| STAIRDANCE
  1155 | D:2      | Reached skill level 4 in Axes
  1304 | D:2      | 1304 ||| Stepping ~*~*~tactically~*~*~ (stealth).
  1316 | D:2      | HP: 5/21 [poisoned by an adder]
  1317 | D:2      | 1317 ||| READING scroll of teleportation.
  1644 | D:2      | 1644 ||| FLEEEEING.
  1645 | D:2      | 1645 ||| FLEEEEING.
  1646 | D:2      | 1646 ||| FLEEEEING.
  1647 | D:2      | 1647 ||| FLEEEEING.
  1648 | D:2      | 1648 ||| FLEEEEING.
  1649 | D:2      | 1649 ||| FLEEEEING.
  1650 | D:2      | 1650 ||| FLEEEEING.
  1651 | D:2      | 1651 ||| FLEEEEING.
  1652 | D:2      | 1652 ||| FLEEEEING.
  1653 | D:2      | 1653 ||| FLEEEEING.
  1654 | D:2      | 1654 ||| FLEEEEING.
  1655 | D:2      | 1655 ||| FLEEEEING.
  1656 | D:2      | 1656 ||| FLEEEEING.
  1657 | D:2      | 1657 ||| FLEEEEING.
  1658 | D:2      | 1658 ||| FLEEEEING.
  1659 | D:2      | 1659 ||| FLEEEEING.
  1660 | D:2      | 1660 ||| FLEEEEING.
  1661 | D:2      | 1661 ||| FLEEEEING.
  1662 | D:2      | 1662 ||| FLEEEEING.
  1663 | D:2      | 1663 ||| FLEEEEING.
  1664 | D:2      | 1664 ||| FLEEEEING.
  1665 | D:2      | 1665 ||| FLEEEEING.
  1666 | D:2      | 1666 ||| FLEEEEING.
  1667 | D:2      | 1667 ||| FLEEEEING.
  1668 | D:2      | 1668 ||| FLEEEEING.
  1669 | D:2      | 1669 ||| FLEEEEING.
  1670 | D:2      | 1670 ||| FLEEEEING.
  1671 | D:2      | 1671 ||| FLEEEEING.
  1672 | D:2      | 1672 ||| FLEEEEING.
  1673 | D:2      | 1673 ||| FLEEEEING.
  1674 | D:2      | 1674 ||| FLEEEEING.
  1675 | D:2      | 1675 ||| FLEEEEING.
  1676 | D:2      | 1676 ||| FLEEEEING.
  1677 | D:2      | 1677 ||| FLEEEEING.
  1678 | D:2      | 1678 ||| FLEEEEING.
  1679 | D:2      | 1679 ||| FLEEEEING.
  1680 | D:2      | 1680 ||| FLEEEEING.
  1681 | D:2      | 1681 ||| FLEEEEING.
  1682 | D:2      | 1682 ||| FLEEEEING.
  1683 | D:2      | 1683 ||| FLEEEEING.
  1684 | D:2      | 1684 ||| FLEEEEING.
  1685 | D:2      | 1685 ||| FLEEEEING.
  1686 | D:2      | 1686 ||| FLEEEEING.
  1687 | D:2      | 1687 ||| FLEEEEING.
  1688 | D:2      | 1688 ||| FLEEEEING.
  1689 | D:2      | 1689 ||| FLEEEEING.
  1789 | D:2      | Reached XP level 4. HP: 26/26 MP: 8/8
  1873 | D:2      | 1873 ||| Stepping ~*~*~tactically~*~*~ (stealth).
  1981 | D:2      | 1981 ||| Stepping ~*~*~tactically~*~*~ (stealth).
  2006 | D:2      | 2006 ||| Stepping ~*~*~tactically~*~*~ (stealth).
  2017 | D:2      | 2017 ||| Stepping ~*~*~tactically~*~*~ (hiding).
  2069 | D:2      | Reached skill level 5 in Axes
  2127 | D:2      | Found a faded altar of an unknown god.
  2349 | D:2      | 2349 ||| READING 4 scrolls of identify.
  2349 | D:2      | 2349 ||| IDENTIFYING lumpy yellow potion
  2350 | D:2      | 2350 ||| READING 3 scrolls of identify.
  2350 | D:2      | 2350 ||| IDENTIFYING green potion
  2396 | D:3      | 2396 ||| STAIRDANCE
  2437 | D:3      | 2437 ||| Stepping ~*~*~tactically~*~*~ (stealth).
  2685 | D:3      | Found a shadowy altar of Dithmenos.
  3154 | D:3      | 3154 ||| DROPPING +3 ring mail.
  3155 | D:3      | 3155 ||| UPGRADING to ring of protection from cold.
  3156 | D:3      | 3156 ||| READING scroll labelled NOXICITRIPN.
  3157 | D:3      | 3157 ||| READING scroll labelled KEOWOU CINA.
  3158 | D:3      | 3158 ||| DRINKING 2 black potions.
  3159 | D:3      | 3159 ||| READING 2 scrolls of identify.
  3159 | D:3      | 3159 ||| IDENTIFYING smoky inky potion
  3160 | D:3      | 3160 ||| DROPPING potion of degeneration.
  3161 | D:3      | 3161 ||| DROPPING potion of attraction.
  3170 | D:4      | 3170 ||| STAIRDANCE
  3177 | D:4      | 3177 ||| STAIRDANCE
  3246 | D:4      | 3246 ||| Stepping ~*~*~tactically~*~*~ (stealth).
  3250 | D:4      | 3250 ||| Stepping ~*~*~tactically~*~*~ (stealth).
  3323 | D:4      | 3323 ||| Stepping ~*~*~tactically~*~*~ (stealth).
  3329 | D:4      | Gained mutation: Your magical nature lets you fly swiftly
                  | and evasively. [Tengu growth]
  3329 | D:4      | Reached XP level 5. HP: 16/30 MP: 9/9
  3330 | D:4      | 3330 ||| FLEEEEING.
  3331 | D:4      | 3331 ||| STAIRDANCE
  3490 | D:4      | 3490 ||| DROPPING +0 whip.
  3544 | D:4      | Noticed Blork the orc
  3544 | D:4      | HP: 7/30 [gnoll/+0 whip (4)]
  3545 | D:4      | 3545 ||| DRINKING 2 potions of heal wounds.
  3548 | D:4      | Reached skill level 6 in Axes
  3552 | D:4      | HP: 7/30 [gnoll/+0 whip (2)]
  3553 | D:4      | 3553 ||| DRINKING potion of heal wounds.
  3557 | D:4      | HP: 6/30 [constriction (1)]
  3558 | D:4      | Constricted to death by Blork the orc

Levels and vault maps discovered:
D:1:      psy_arrival_terrarium, layout_basic
D:2:      cheibrodos_helix_gallery, layout_loops_ring,
          shapermc_ecumenical_altar_mp_urbaneastern
D:3:      layout_basic, mainiacjoe_overflow_paths
D:4:      layout_rooms, elyvilon_altar_1, minmay_misc_feat_alley,
          uniq_blork_the_orc

Skill      XL: |  1  2  3  4  5 |
---------------+----------------+-----
Axes           | 3 4 5 6 |  6.0
Fighting       | |  2.0
Throwing       | |  1.0
Armour         | |  1.4
Dodging        | |  2.1
Spellcasting   | |  2.0
Translocations | |  2.4

Action                   |  1- 3 |  4- 6 || total
-------------------------+-------+-------++-------
Melee: Hand axe          |    85 |    92 ||   177
       Kick              |    19 |    32 ||    51
       Peck              |    11 |    14 ||    25
       Punch             |     2 |       ||     2
Throw: Boomerang         |     7 |       ||     7
  Use: Scroll            |     4 |     5 ||     9
       Potion            |     1 |     3 ||     4
Armor: Leather armour    |     5 |       ||     5
       Chain mail        |    32 |    45 ||    77
Dodge: Dodged            |    26 |    27 ||    53

Table legend:
 A = Non-vault XP
 B = Vault XP
 C = Vault XP percentage of total XP
 D = Non-vault monster count
 E = Vault monster count
 F = Vault count percentage of total count
                 A         B        C        D         E       F
            +---------+---------+-------+---------+---------+-------
      Total |     251 |       3 |   1.2 |      69 |       2 |   2.8
            +---------+---------+-------+---------+---------+-------
        D:1 |      40 |       0 |   0.0 |      24 |       0 |   0.0
        D:2 |      77 |       3 |   3.8 |      25 |       2 |   7.4
        D:3 |      17 |       0 |   0.0 |      10 |       0 |   0.0
        D:4 |     117 |       0 |   0.0 |      10 |       0 |   0.0
            +---------+---------+-------+---------+---------+-------
